 Dungeon Crawl Stone Soup version 0.30-a0-224-ge52a3cb02f (webtiles) character file.

Game seed: 10738551946774151559

143 qw the Chopper (level 5, -13/32 HPs)
             Began as a Gargoyle Fighter on Oct 9, 2022.
             Killed from afar by Grinder (18 damage)
             ... with a bolt of dispelling energy
             ... on level 3 of the Dungeon.
             The game lasted 00:00:45 (1896 turns).

qw the Chopper (Gargoyle Fighter)                   Turns: 1896, Time: 00:00:46

Health: -13/32     AC: 11    Str: 22    XL:     5   Next: 25%
Magic:  5/5        EV: 10    Int:  8    God:
Gold:   148        SH:  4    Dex:  9    Spells: 4/4 levels left

rFire   + . .      SeeInvis .    Y - +0 war axe
rCold   . . .      Faith    .    c - +0 buckler
rNeg    + . .      Spirit   .    a - +1 ring mail {rF+}
rPois   inf        Reflect  .    (no helmet)
rElec   +          Harm     .    (no cloak)
rCorr   .          Rampage  .    (no gloves)
Will    .....                    j - +0 pair of boots
Stlth   ..........               f - amulet of regeneration
HPRegen 1.05/turn                (no ring)
MPRegen 0.09/turn                (no ring)

@: no status effects
A: sickness immunity, AC +4, negative energy resistance 1, electricity
resistance, torment resistance 1, petrification resistance
a: no special abilities


You were on level 3 of the Dungeon.
You visited 1 branch of the dungeon, and saw 4 of its levels.

You collected 148 gold pieces.


Innate Abilities, Weirdness & Mutations

You are immune to sickness and miasma.
Your stone body is resilient. (AC +4)
You are immune to poison.
You resist negative energy. (rN+)
You are resistant to electric shocks. (rElec)
You are resistant to unholy torment.
You are immune to petrification.


   Skills:
 - Level 3.2 Fighting
 + Level 4.8 Axes
 - Level 3.2 Armour
 - Level 3.2 Shields


You had 4 spell levels left.
You didn't know any spells.
Your spell library was empty.

Inventory:

Hand Weapons
 i - a +0 whip
 Y - a +0 war axe (weapon)
Armour
 a - a +1 ring mail of fire resistance (worn)
 b - a +0 scale mail
 c - a +0 buckler (worn)
 j - a +0 pair of boots (worn)
Jewellery
 f - an amulet of regeneration (around neck)
Scrolls
 g - a scroll of identify
Potions
 d - 2 potions of might
 k - a potion of attraction

Dungeon Overview and Level Annotations

Branches:
Dungeon (4/15)
 Temple: D:4-7

Altars:

Annotations:
D:3 Grinder


Message History

Grinder zaps a wand.
The bolt of dispelling energy hits you!
You hit Grinder.
Grinder is lightly wounded.
Grinder hits you. Grinder closely misses you.
You slash Grinder!
Grinder is lightly wounded.
Grinder zaps a wand.
The bolt of dispelling energy hits you!
You hit Grinder.
Grinder is moderately wounded.
Grinder zaps a wand.
The bolt of dispelling energy hits you.
You completely miss Grinder.
Grinder is moderately wounded.
Grinder hits you.
Grinder says, "There's only one good use for a tongue: cutting it out."
Grinder gestures at you.
You barely resist. You closely miss Grinder.
Grinder is moderately wounded.
Grinder hits you.
You slash Grinder!
Grinder is heavily wounded.
Grinder hits you but does no damage.
You barely miss Grinder.
Grinder is heavily wounded.
Grinder zaps a wand.
The bolt of dispelling energy misses you.
You closely miss Grinder.
Grinder is heavily wounded.
Grinder gestures at you. Pain shoots through your body!
Grinder gestures at you.
You suddenly lose the ability to move!
Grinder hits you.
You writhe in agony.
You can move again.
You closely miss Grinder.
Grinder is heavily wounded.
Grinder zaps a wand.
The bolt of dispelling energy hits you!!
Ouch! That really hurt!
You die...

#.# #.# #.#
#.# #.# #.#
#5# #@# #.#
#.# #.#
#.######.##
#..........
#..........
##%#####.##
#.#


You could see Grinder.

Vanquished Creatures
  2 hounds (D:4)
  3 adders
  A worm (D:2)
  A dart slug (D:2)
  3 endoplasms
  3 giant cockroaches
  6 goblins
  4 hobgoblins
  7 jackals
  3 quokkas
  3 ball pythons
  5 bats
  A frilled lizard (D:1)
  5 kobolds
  6 rats
53 creatures vanquished.

Notes
Turn   | Place    | Note
-------+----------+-------------------------------------------
     0 | D:1      | qw the Gargoyle Fighter began the quest for the Orb.
     0 | D:1      | Reached XP level 1. HP: 14/14 MP: 1/1
     0 | D:1      | 0 ||| qw: Version: 0.2-a-17-g06abaee
     0 | D:1      | 0 ||| qw: Game counter: 2274
     0 | D:1      | 0 ||| qw: Always use a shield: true
     0 | D:1      | 0 ||| qw: God list: Okawaru
     0 | D:1      | 0 ||| qw: Allow faded altars: false
     0 | D:1      | 0 ||| qw: Do Orc after D:15 true
     0 | D:1      | 0 ||| qw: Do second Lair branch before Depths: true
     0 | D:1      | 0 ||| qw: Lair rune preference: random
     0 | D:1      | 0 ||| qw: Plans: Normal, Zot:1-4, God:TSO, Crypt, Tomb,
                  | Pan, Slime:5, Hells, Abyss, Orb
     0 | D:1      | 0 ||| PLANNING D:1-11
   163 | D:1      | Reached skill level 2 in Axes
   270 | D:1      | Reached XP level 2. HP: 19/19 MP: 2/2
   278 | D:1      | 278 ||| Stepping ~*~*~tactically~*~*~ (stealth).
   279 | D:1      | 279 ||| Stepping ~*~*~tactically~*~*~ (stealth).
   448 | D:1      | 448 ||| DROPPING +0 club.
   547 | D:1      | Reached skill level 3 in Axes
   549 | D:1      | Reached XP level 3. HP: 23/23 MP: 3/3
  1004 | D:1      | 1004 ||| UPGRADING to +0 pair of boots.
  1009 | D:1      | 1009 ||| UPGRADING to amulet of regeneration.
  1014 | D:1      | 1014 ||| READING 2 scrolls labelled DAPHOA LABLIE.
  1015 | D:1      | 1015 ||| READING 2 scrolls labelled ZEPILU WOIQAPN.
  1016 | D:1      | 1016 ||| READING scroll labelled MEYHAFFOEDA.
  1017 | D:1      | 1017 ||| DROPPING scroll of blinking.
  1271 | D:2      | Reached XP level 4. HP: 27/28 MP: 4/4
  1374 | D:2      | Reached skill level 4 in Axes
  1573 | D:2      | You fall into a shaft and drop 2 floors!
  1832 | D:4      | Reached XP level 5. HP: 32/32 MP: 5/5
  1833 | D:4      | 1833 ||| UPGRADING to +1 ring mail of fire resistance.
  1843 | D:4      | 1843 ||| DRINKING 2 fizzy amethyst potions.
  1844 | D:4      | 1844 ||| READING 3 scrolls of identify.
  1844 | D:4      | 1844 ||| IDENTIFYING lumpy silvery potion
  1845 | D:4      | 1845 ||| READING 2 scrolls of identify.
  1845 | D:4      | 1845 ||| IDENTIFYING sedimented ruby potion
  1846 | D:4      | 1846 ||| DROPPING potion of flight.
  1847 | D:4      | 1847 ||| DROPPING potion of brilliance.
  1858 | D:3      | 1858 ||| PLANNING SEWER
  1880 | D:3      | Noticed Grinder
  1891 | D:3      | HP: 7/32 [Grinder (4)]
  1894 | D:3      | Paralysed by Grinder for 2 turns
  1895 | D:3      | HP: 3/32 [Grinder (2)]
  1896 | D:3      | Killed from afar by Grinder

Levels and vault maps discovered:
D:1:      dpeg_arrival_erosion, layout_loops_corners,
          minmay_misc_feat_secret_circle
D:2:      layout_loops_ring, minmay_small_reverse_x
D:3:      layout_loops_ring, mainiacjoe_overflow_alcove_2,
          mainiacjoe_overflow_catwalk, portal_sewer_entry_c, uniq_grinder
D:4:      layout_basic, nicolae_uskayaw_en_pointe, nrook_loot_triangle,
          minmay_misc_feat_diagonals, st_stairs_14

Skill      XL: |  1  2  3  4 |
---------------+-------------+-----
Axes           | 2 3 4 |  4.8
Fighting       | |  3.2
Armour         | |  3.2
Shields        | |  3.2

Action                   |  1- 3 |  4- 6 || total
-------------------------+-------+-------++-------
Melee: War axe           |    93 |    67 ||   160
  Use: Scroll            |     3 |     2 ||     5
       Potion            |       |     1 ||     1
Armor: Scale mail        |    48 |    33 ||    81
       Ring mail         |       |     6 ||     6
Dodge: Dodged            |    39 |    35 ||    74
Block: Buckler           |    14 |     8 ||    22

Table legend:
 A = Non-vault XP
 B = Vault XP
 C = Vault XP percentage of total XP
 D = Non-vault monster count
 E = Vault monster count
 F = Vault count percentage of total count
                 A         B        C        D         E       F
            +---------+---------+-------+---------+---------+-------
      Total |     197 |       8 |   3.9 |      48 |       5 |   9.4
            +---------+---------+-------+---------+---------+-------
        D:1 |      41 |       0 |   0.0 |      24 |       0 |   0.0
        D:2 |      56 |       6 |   9.7 |      19 |       4 |  17.4
        D:3 |      13 |       0 |   0.0 |       1 |       0 |   0.0
        D:4 |      87 |       2 |   2.2 |       4 |       1 |  20.0
            +---------+---------+-------+---------+---------+-------
